 Dungeon Crawl Stone Soup version 0.30-a0-900-g23479c02f2 (console) character file.

Game seed: 17921315039756301971

11162 petzl the Covert (level 12, -10/91 HPs)
             Began as a Formicid Delver on Mar 18, 2023.
             Was an Elder of Vehumet.
             Mangled by a skeletal warrior
             ... wielding a +0 scimitar
              (20 damage)
             ... on level 6 of the Dungeon on Mar 19, 2023.
             The game lasted 01:37:07 (13751 turns).

petzl the Covert (Formicid Delver)                 Turns: 13751, Time: 01:37:08

Health: -10/91     AC: 22    Str: 15    XL:     12   Next: 4%
Magic:  0/24       EV: 12    Int: 15    God:    Vehumet [****..]
Gold:   186        SH:  0    Dex: 16    Spells: 9/28 levels left

rFire   . . .      SeeInvis +    e - +0 flail (protect)
rCold   + . .      Faith    .    (no shield)
rNeg    + . .      Spirit   +    v - +4 troll leather armour
rPois   +          Reflect  .    (helmet unavailable)
rElec   .          Rampage  .    q - +2 ratskin cloak {*Rats rPois rN+ Str-1 Int-1 Dex+1}
rCorr   .                        t - +0 pair of gloves
Will    ++...                    L - +1 pair of boots
Stlth   ++++                     I - amulet of guardian spirit
HPRegen 1.95/turn                l - ring of willpower
MPRegen 0.19/turn                Z - ring of the Tortoise {AC+8}

@: no status effects
A: permanent stasis, dig shafts and tunnels, antennae 3, four strong arms, cold
resistance 1, mutation resistance 1, regeneration 1
a: Dig, Shaft Self, Renounce Religion


You were on level 6 of the Dungeon.
You worshipped Vehumet.
Vehumet was greatly pleased with you.
You visited 2 branches of the dungeon, and saw 13 of its levels.

You collected 760 gold pieces.
You spent 574 gold pieces at shops.

Inventory:

Hand Weapons
 a - a +3 rapier of venom
 b - a +0 sling
 c - the +4 hand axe "Setu" {heavy, Will+ Str+3, !f =f}
   (You bought it in a shop on level 2 of the Dungeon)

   Str:       It affects your strength (+3).
   Will:      It increases your willpower.
 e - a +0 flail of protection (weapon)
 y - a +0 trident
 P - a +0 hand axe of flaming {!f =f}
 R - a +0 shortbow
Missiles
 h - 10 boomerangs (quivered)
 p - 11 poisoned darts
 D - 6 javelins
 N - a throwing net
 T - 110 stones
Armour
 q - the +2 ratskin cloak (worn) {*Rats rPois rN+ Str-1 Int-1 Dex+1}
   (You found it on level 11 of the Dungeon)

   *Rats:     When the wearer is hurt, rats may emerge from it to assist them.
   Str:       It affects your strength (-1).
   Int:       It affects your intelligence (-1).
   Dex:       It affects your dexterity (+1).
   rPois:     It protects you from poison.
   rN:        It protects you from negative energy.
 t - a +0 pair of gloves (worn)
 v - a +4 troll leather armour (worn)
 B - the +0 ring mail of Truth {Contam rN+ rCorr Str+2}
   (You took it off an orc priest on level 6 of the Dungeon)

   Str:       It affects your strength (+2).
   rN:        It protects you from negative energy.
   Contam:    It causes magical contamination when unequipped.
   rCorr:     It protects you from acid and corrosion.
 L - a +1 pair of boots (worn)
 U - a +1 leather armour of poison resistance
Jewellery
 l - a ring of willpower (left hand)
 C - a ring of flight
 I - an amulet of guardian spirit (around neck)
 J - a ring of poison resistance
 Q - a ring of protection from cold
 X - a ring of protection from fire
 Y - a +6 ring of dexterity
 Z - the ring of the Tortoise (right hand) {AC+8}
   (You took it off a kobold demonologist on level 5 of the Dungeon)

   [ring of protection]

   AC:        It affects your AC (+8).
Wands
 f - a wand of digging (5)
 i - a wand of polymorph (10)
 u - a wand of flame (3)
 S - a wand of iceblast (4)
Scrolls
 d - 2 scrolls of magic mapping
 m - 2 scrolls of poison
 n - 3 scrolls of fog
 o - a scroll of summoning
 r - 3 scrolls of fear
 w - 4 scrolls of identify
 x - 3 scrolls of immolation
 O - 2 scrolls of enchant weapon
 V - a scroll of torment
Potions
 g - a potion of cancellation {unknown}
 j - a potion of berserk rage {unknown}
 k - a potion of lignification {unknown}
 s - 5 potions of curing
 z - a potion of resistance {unknown}
 A - 3 potions of mutation
 E - 2 potions of attraction
 F - 2 potions of brilliance {unknown}
 G - 2 potions of invisibility
 H - a potion of magic {unknown}
 K - 2 potions of flight {unknown}
 M - a potion of might {unknown}
 W - a potion of ambrosia {unknown}


   Skills:
 + Level 7.2 Fighting
 - Level 3.0 Short Blades
 - Level 2.0 Maces & Flails
 - Level 3.0 Ranged Weapons
 - Level 1.7 Dodging
 + Level 10.7 Stealth
 + Level 8.9 Spellcasting
 * Level 3.4 Conjurations
 - Level 4.0 Transmutations
 + Level 4.4 Fire Magic
 + Level 5.7 Ice Magic
 - Level 4.0 Air Magic
 - Level 8.0 Poison Magic
 - Level 2.0 Evocations


You had 9 spell levels left.
You knew the following spells:

 Your Spells              Type           Power      Damage    Failure   Level
a - Poisonous Vapours     Pois/Air       48%        N/A       1%          2
b - Sting                 Tmut/Pois      96%        1d7       1%          1
c - Freeze                Ice            92%        1d9       1%          1
d - Iskenderun's Mystic   Conj/Tloc      11%        2d4       17%         4
s - Sticky Flame          Conj/Fire      18%        2d4       7%          4
I - Ignite Poison         Fire/Tmut/Pois 23%        N/A       1%          3
T - Olgreb's Toxic Radia  Pois           30%        N/A       1%          4

Your spell library contained the following spells:

 Spells                   Type           Power      Damage    Failure   Level
 Momentum Strike          Conj/Tloc      22%        3d8       2%          2
 Dazzling Flash           Conj/Hex       22%        N/A       5%          3
 Lesser Beckoning         Tloc           12%        N/A       21%         2
 Portal Projectile        Hex/Tloc       12%        N/A       38%         3
 Summon Guardian Golem    Hex/Summ       6%         N/A       38%         3
 Tukima's Dance           Hex            6%         N/A       38%         3
 Blade Hands              Tmut           9%         N/A       58%         5
 Starburst                Conj/Fire      9%         6d5       67%         6
 Summon Forest            Summ/Tloc      3%         N/A       98%         5
 Summon Mana Viper        Hex/Summ       6%         N/A       98%         5
 Orb of Destruction       Conj           8%         9d6       99%         7
 Summon Cactus Giant      Summ           3%         N/A       100%        6
 Spellforged Servitor     Conj/Summ      5%         N/A       100%        7
 Blink                    Tloc           Unusable   N/A       N/A         2

Dungeon Overview and Level Annotations

Branches:
Dungeon (12/15)            Temple (1/1) D:4            Lair (0/5) D:9
    Orc (0/2) D:9

Altars:
Ashenzari
Cheibriados
Elyvilon
Fedhas
Gozag
Hepliaklqana
Makhleb
Nemelex Xobeh
Qazlal
Ru
Sif Muna
Trog
Vehumet
Wu Jian
Xom
Yredelemnul
Zin
The Shining One

Shops:
D:2 (   D:3 ?   D:4 [   D:9 [

Annotations:
D:4 Grinder
D:10 1 runed translucent door, Zeldest's ghost, journeyman MeSu
D:11 2 transporters, exclusion: cyclops, selver's ghost, journeyman SpHu
D:12 exclusions: sensed monster (detected), troll, two-headed ogre and wraith, Maurice


Innate Abilities, Weirdness & Mutations

You cannot be hasted, slowed, berserked, paralysed or teleported.
You can dig through walls and to a lower floor.
You have a pair of large antennae on your head. (SInv)
Your four strong arms can wield two-handed weapons with a shield.
Your flesh is cold resistant. (rC+)
You are somewhat resistant to further mutation.
Your natural rate of healing is unusually fast.


Message History

The skeletal warrior attacks as you move away!
The skeletal warrior hits you with a +2 short sword of electrocution!
You are electrocuted!!
* * * LOW HITPOINT WARNING * * *
The skeletal warrior burns!
Okay, then.
Unknown command.
Unknown command.
Unknown command.
Unknown command.
Okay, then.
Unknown command.
Unknown command.
Press: ? - help, v - describe, . - travel, g - get item
Here: a skeletal warrior, wielding a +2 short sword of electrocution (moderately damaged, covered in liquid flames) Item here: a +0 war axe {!f =f}.
The floor, spattered with blood.
Unknown command.
Search for what [Enter for "."]?
Okay, then.
Unknown command.
Unknown command.
Unknown command.
Unknown command.
Unknown command.
Search for what [Enter for "."]? heal Unknown command.
Unknown command.
Unknown command.
You feel better.
The skeletal warrior burns!
The skeletal warrior hits you but does no damage.
You are electrocuted!
* * * LOW HITPOINT WARNING * * *
The skeletal warrior completely misses you.
You feel better.
The skeletal warrior burns!
The skeletal warrior stops burning.
The skeletal warrior hits you with a +2 short sword of electrocution!
* * * LOW HITPOINT WARNING * * *
The skeletal warrior hits you with a +0 scimitar!!
You die...

.......'......# ..##...#......#
..######......# ##########
.......#......# #........#
..##...#......# #........#######
####...#......# #..............#
..##...#......######..............#
..######..........................#
...# #.............[............#
...# #..........................#
...# #....................#######
..## #....................# ###
#....................#
#....................#
#..............).....#
#.............>>[....# ####
#..).......#######...# ...#
#........zz#~~.~~#...# ...#
#.........@#~...~#...# ...#
#..........#~.8..'...####### ...#
#######....#~...~#.........# ...#
#....#~~.~~#.........# ...#
#....#######.........# ...#
#....................# ...#
#..........).........# ...#
#....................# ####
######################


You could see 2 skeletal warriors.

Vanquished Creatures
  A boulder beetle (D:11)
  A two-headed ogre (D:10)
  A skeletal warrior (D:6)
  A kobold demonologist (D:5)
  A komodo dragon (D:9)
  The ghost of Darkkill the Shooter, an amateur MiHu (D:6)
  A hornet (D:8)
  Sigmund (D:4)
  2 wraiths (D:11)
  10 yaks
  A vampire (D:10)
  3 wyverns
  Eustachio (D:4)
  6 vampire mosquitoes
  A basilisk (D:9)
  3 steam dragons
  An acid dragon (D:9)
  A sky beast (D:6)
  2 ice beasts (D:6)
  11 orc warriors
  2 black bears (D:5)
  2 centaurs
  3 ogres
  A bullfrog (D:8)
  A gnoll sergeant (D:9)
  7 scorpions
  3 wights (D:10)
  5 killer bees
  An electric eel (D:9)
  A howler monkey (D:6)
  A hound (D:6)
  A jelly (D:6)
  9 orc priests
  A gnoll bouda (D:6)
  Ijyb (D:4)
  4 iguanas
  9 orc wizards
  A sleepcap (D:5)
  18 gnolls
  7 adders
  A white imp (D:5)
  3 ufetubi
  A worm (D:4)
  4 dart slugs
  54 orcs
  11 ball pythons
  6 endoplasms
  8 giant cockroaches
  7 goblins
  5 hobgoblins
  5 jackals (D:1)
  3 quokkas
  3 bats (D:1)
  6 frilled lizards
  4 kobolds
  6 rats
  A butterfly (D:5)
256 creatures vanquished.

Vanquished Creatures (collateral kills)
  2 wyverns (D:7)
  A water moccasin (D:5)
  An ogre (D:4)
  An orc priest (D:6)
  A sleepcap (D:8)
  An orc (D:5)
  A butterfly (D:5)
8 creatures vanquished.

Vanquished Creatures (others)
  2 fungi (D:3)
  16 plants
  A withered plant (D:10)
19 creatures vanquished.

Grand Total: 283 creatures vanquished

Notes
Turn   | Place    | Note
-------+----------+-------------------------------------------
     0 | D:5      | petzl the Formicid Delver began the quest for the Orb.
     0 | D:5      | Reached XP level 1. HP: 18/18 MP: 1/1
    30 | D:6      | Noticed a sky beast
    78 | D:5      | Found a runed translucent door.
   108 | D:5      | Noticed a sleepcap
   142 | D:5      | Found a shimmering altar of Xom.
   188 | D:4      | Noticed Eustachio
   212 | D:4      | You fall into a shaft and drop 1 floor!
   242 | D:5      | Noticed an ogre
   243 | D:5      | Noticed an iguana
   292 | D:4      | Noticed Ijyb
   313 | D:4      | Noticed a scorpion
   329 | D:4      | Reached skill level 1 in Spellcasting
   375 | D:4      | Noticed an iguana
   432 | D:4      | Reached XP level 2. HP: 23/24 MP: 2/4
   434 | D:4      | Noticed Grinder
   691 | D:4      | Found Zaipn's Armour Boutique.
   697 | D:4      | Noticed a scorpion
   758 | D:3      | You fall into a shaft and drop 2 floors!
   766 | D:5      | Noticed an ogre
   789 | D:5      | Noticed a black bear
   791 | D:5      | You fall into a shaft and drop 3 floors!
   800 | D:8      | Noticed a wyvern
   807 | D:8      | You fall into a shaft and drop 3 floors!
   961 | D:12     | Noticed Maurice
   961 | D:12     | Noticed a slime creature
   962 | D:12     | Noticed a slime creature
   984 | D:11     | Learned a level 2 spell: Poisonous Vapours
   986 | D:11     | Learned a level 1 spell: Sting
   992 | D:11     | Noticed a wraith
  1005 | D:10     | Entered Level 10 of the Dungeon
  1018 | D:10     | Noticed a two-headed ogre
  1023 | D:10     | Noticed a vampire mosquito
  1063 | D:9      | Noticed an orc warrior
  1063 | D:9      | Noticed an orc warrior
  1063 | D:9      | Noticed an orc warrior
  1076 | D:9      | Noticed a komodo dragon
  1184 | D:9      | Noticed an orc warrior
  1198 | D:9      | Found Ykineuwn's Armour Boutique.
  1198 | D:9      | Noticed an orc warrior
  1231 | D:9      | Noticed a killer bee
  1231 | D:9      | Noticed a killer bee
  1231 | D:9      | Noticed a killer bee
  1243 | D:9      | You fall into a shaft and drop 1 floor!
  1331 | D:9      | Noticed a killer bee
  1339 | D:8      | You fall into a shaft and drop 3 floors!
  1445 | D:11     | Found the +2 ratskin cloak {*Rats rPois rN+ Str-1 Int-1
                  | Dex+1}
  1488 | D:12     | Noticed a wraith
  1647 | D:12     | Noticed a two-headed ogre
  1679 | D:12     | Noticed a troll
  1703 | D:11     | Found a transporter.
  1704 | D:11     | Noticed selver's ghost (journeyman SpHu)
  1704 | D:11     | Noticed a quasit
  1705 | D:11     | Noticed a quasit
  1707 | D:11     | Noticed a neqoxec
  1708 | D:11     | Noticed a neqoxec
  1711 | D:11     | Noticed a quasit
  1868 | D:10     | Noticed a wight
  1868 | D:10     | Noticed a wight
  1871 | D:10     | Noticed a wight
  1971 | D:8      | Noticed a wyvern
  2102 | D:8      | Reached skill level 1 in Poison Magic
  2102 | D:8      | Reached XP level 3. HP: 23/29 MP: 4/6
  2158 | D:7      | Noticed an ogre
  2170 | D:7      | Killed an ogre
  2171 | D:7      | Reached skill level 1 in Short Blades
  2171 | D:7      | Reached skill level 1 in Transmutations
  2171 | D:7      | Reached skill level 1 in Air Magic
  2171 | D:7      | Reached skill level 1 in Evocations
  2171 | D:7      | Reached XP level 4. HP: 35/35 MP: 7/7
  2171 | D:7      | Reached XP level 5. HP: 41/41 MP: 8/8
  2197 | D:8      | Noticed a yak
  2197 | D:8      | Noticed a steam dragon
  2523 | D:6      | Reached XP level 6. HP: 35/47 MP: 6/10
  2738 | D:6      | Identified the +0 ring mail of Truth {Contam rN+ rCorr
                  | Str+2}
  2833 | D:6      | Noticed an ice beast
  2859 | D:6      | You fall into a shaft and drop 1 floor!
  2950 | D:6      | Reached XP level 7. HP: 39/52 MP: 9/11
  3160 | D:5      | Noticed a water moccasin
  3191 | D:5      | Noticed Darkkill's ghost (amateur MiHu)
  3193 | D:5      | Noticed a kobold demonologist
  3419 | D:4      | Found an ornate altar of the Wu Jian Council.
  3466 | D:4      | Killed Eustachio
  3467 | D:4      | Reached skill level 7 in Stealth
  3467 | D:4      | Reached XP level 8. HP: 40/58 MP: 1/13
  3604 | D:4      | Found a staircase to the Ecumenical Temple.
  3619 | Temple   | Entered the Ecumenical Temple
  3708 | Temple   | Became a worshipper of Vehumet
  3726 | D:4      | Noticed Sigmund
  3743 | D:4      | Killed Sigmund
  4159 | D:2      | Found Voza's Antique Weapon Boutique.
  4172 | D:2      | Bought a sling for 37 gold pieces
  4352 | D:1      | Reached * piety under Vehumet
  4352 | D:1      | Offered knowledge of Shock by Vehumet.
  4791 | D:1      | Found a faded altar of an unknown god.
  5722 | D:2      | Bought an ancient hand axe for 200 gold pieces
  5722 | D:2      | Identified the +4 hand axe "Setu" {heavy, Will+ Str+3} (You
                  | bought it in a shop on level 2 of the Dungeon)
  5780 | D:3      | Found Cytoorih's Magic Scroll Shoppe.
  5792 | D:3      | Bought a scroll of identify for 20 gold pieces
  5792 | D:3      | Bought a scroll of identify for 20 gold pieces
  5797 | D:3      | Gained mutation: Your natural rate of healing is unusually
                  | fast. [potion of mutation]
  5797 | D:3      | Gained mutation: You are somewhat resistant to further
                  | mutation. [potion of mutation]
  5797 | D:3      | Gained mutation: Your flesh is cold resistant. (rC+)
                  | [potion of mutation]
  5833 | D:3      | Offered knowledge of Freeze by Vehumet.
  5836 | D:3      | Learned a level 1 spell: Freeze
  6044 | D:3      | Reached ** piety under Vehumet
  6391 | D:3      | Found a stormy altar of Qazlal.
  6400 | D:3      | Found a blossoming altar of Fedhas.
  6800 | D:4      | Reached skill level 5 in Poison Magic
  7017 | D:4      | Killed Ijyb
  7197 | D:4      | Reached skill level 1 in Ranged Weapons
  7197 | D:4      | Reached skill level 1 in Ice Magic
  7306 | D:5      | Found a shimmering blue altar of Sif Muna.
  7323 | D:5      | Reached XP level 9. HP: 60/65 MP: 13/16
  7336 | D:5      | Learned a level 4 spell: Olgreb's Toxic Radiance
  7399 | D:5      | Reached skill level 8 in Stealth
  7399 | D:5      | Reached skill level 5 in Spellcasting
  8554 | D:6      | Offered knowledge of Ignite Poison by Vehumet.
  8559 | D:6      | Learned a level 3 spell: Ignite Poison
  8866 | D:7      | Reached *** piety under Vehumet
  8930 | D:7      | Noticed a skeletal warrior
  9139 | D:7      | Noticed a skeletal warrior
  9153 | D:7      | Noticed a skeletal warrior
  9198 | D:8      | Reached XP level 10. HP: 71/73 MP: 19/19
  9210 | D:7      | Reached skill level 5 in Fighting
  9259 | D:7      | Reached skill level 9 in Stealth
  9474 | D:8      | Reached skill level 1 in Fire Magic
  9763 | D:8      | Found a burning altar of Makhleb.
  9763 | D:8      | Found a snail-covered altar of Cheibriados.
 10013 | D:9      | Offered knowledge of Sticky Flame by Vehumet.
 10019 | D:9      | Learned a level 4 spell: Sticky Flame
 10409 | D:9      | Reached **** piety under Vehumet
 10410 | D:9      | Reached XP level 11. HP: 81/81 MP: 17/22
 10501 | D:9      | Bought a +2 troll leather armour for 297 gold pieces
 10536 | D:9      | Found a staircase to the Orcish Mines.
 10539 | D:9      | Offered knowledge of Dazzling Flash by Vehumet.
 11015 | D:9      | Reached skill level 10 in Stealth
 11237 | D:9      | Found a white marble altar of Elyvilon.
 11429 | D:9      | Found a staircase to the Lair.
 11451 | D:9      | Learned a level 4 spell: Iskenderun's Mystic Blast
 11554 | D:10     | Reached skill level 5 in Ice Magic
 11750 | D:10     | Reached skill level 1 in Conjurations
 12215 | D:10     | Killed a two-headed ogre
 12521 | D:10     | Found a runed translucent door.
 12521 | D:10     | Noticed Zeldest's ghost (journeyman MeSu)
 12576 | D:11     | Noticed a cyclops
 12714 | D:11     | Noticed a boulder beetle
 12720 | D:11     | Killed a boulder beetle
 12925 | D:11     | Found a transporter.
 13327 | D:5      | You are sucked into a shaft and drop 1 floor!
 13380 | D:6      | Killed Darkkill's ghost
 13657 | D:6      | Killed a skeletal warrior
 13658 | D:6      | Reached XP level 12. HP: 75/91 MP: 8/24
 13751 | D:6      | Mangled by a skeletal warrior

Illustrated notes

Levels and vault maps discovered:
D:1:      lightli_arrival_maybe_door_vault, layout_basic,
          shapermc_ecumenical_altar_flowoftime
D:2:      layout_basic, serial_shops, shop
D:3:      layout_basic, grunt_temple_overflow_forces_of_nature, serial_shops,
          nicolae_shop_temple_entry_statues_fountains, due_unseen_surprise
D:4:      layout_basic, nzn_wu_jian_council_hall, temple_fountains,
          serial_shops, nicolae_stop_n_shop_1, uniq_eustachio, uniq_ijyb,
          uniq_sigmund, uniq_grinder
D:5:      layout_rooms, xom_butterflies, nicolae_sif_muna_condensation,
          ebering_ghost_inner_flame
D:6:      layout_gridville, kennysheep_generic_room_13
D:7:      layout_cave_pools
D:8:      layout_rooms, gammafunk_temple_overflow_statue, reono_crystal_passage,
          chequers_serial_rivers_large_b, serial_bayou_pond_d
D:9:      layout_loops_ring, nicolae_elyvilon_temple_path, erik_lair_dragon,
          david_orc_5, serial_shops, nicolae_shop_crystal, st_stairs_4
D:10:     layout_cave_pools, gammafunk_ghost_grave
D:11:     layout_loops_ring, gammafunk_ghost_stat_death
D:12:     layout_loops_corners, uniq_maurice
Temple:   eino_narrow_crystal_temple

Skill      XL: |  1  2  3  4  5  6  7  8  9 10 11 |
---------------+----------------------------------+-----
Spellcasting   | 1 2 3 4 6 7 8 |  8.9
Poison Magic   | 1 2 3 4 5 6 8 |  8.0
Short Blades   | 1 2 3 |  3.0
Transmutations | 1 2 3 4 |  4.0
Air Magic      | 1 2 3 4 |  4.0
Evocations     | 1 2 |  2.0
Stealth        | 7 8 9 10 | 10.7
Ranged Weapons | 1 2 3 |  3.0
Ice Magic      | 1 2 4 5 |  5.7
Fighting       | 4 6 7 |  7.2
Fire Magic     | 2 4 |  4.4
Conjurations   | 3 |  3.4
Maces & Flails | |  2.0
Dodging        | |  1.7

Action                     |  1- 3 |  4- 6 |  7- 9 | 10-12 || total
---------------------------+-------+-------+-------+-------++-------
  Melee: Mace              |    27 |       |       |       ||    27
         Rapier            |     4 |    25 |   210 |    62 ||   301
         Punch             |     1 |       |     3 |     2 ||     6
         Hand axe          |       |       |    17 |    39 ||    56
         Flail             |       |       |       |     4 ||     4
   Fire: Sling             |       |       |    70 |    32 ||   102
  Throw: Boomerang         |     6 |    21 |    18 |    27 ||    72
         Throwing net      |       |       |       |     2 ||     2
   Cast: Sting             |       |     5 |    24 |     1 ||    30
         Poisonous Vapours |       |     8 |    91 |    19 ||   118
         Freeze            |       |       |     1 |       ||     1
         Ignite Poison     |       |       |       |    39 ||    39
         Olgreb's Toxic Ra |       |       |       |    39 ||    39
         Sticky Flame      |       |       |       |    18 ||    18
         Iskenderun's Myst |       |       |       |     4 ||     4
Ability: Shaft Self        |     6 |     1 |       |     1 ||     8
         Dig               |       |       |     2 |     2 ||     4
  Evoke: Wand              |     2 |       |       |     3 ||     5
    Use: Scroll            |     6 |       |     3 |     5 ||    14
         Potion            |       |       |     1 |     4 ||     5
   Stab: Sleeping          |     2 |       |    17 |       ||    19
         Distracted        |       |       |     1 |     1 ||     2
         Held in net/web   |       |       |       |     1 ||     1
 Armour: Leather armour    |    21 |     8 |   111 |    15 ||   155
         Troll leather arm |       |       |       |    46 ||    46
         Skin              |       |       |       |     1 ||     1
  Dodge: Dodged            |    45 |    14 |   165 |   111 ||   335

Table legend: (Time is in decaauts)
 A = Elapsed time spent in this place.
 B = Non-inter-level travel time spent in this place.
 C = Inter-level travel time spent in this place.
 D = Time resting spent in this place.
 E = Time spent auto-exploring this place.
 F = Levels seen in this place.
 G = Mean time per level.
                   A        B        C        D        E       F      G
               +--------+--------+--------+--------+--------+-----+--------+
         Total |  13874 |  13096 |    778 |   2601 |   4818 |  13 | 1067.2 |
       Dungeon |  13777 |  13012 |    765 |   2601 |   4737 |  12 | 1148.1 |
        Temple |     97 |     84 |     13 |      0 |     81 |   1 |   97.0 |
               +--------+--------+--------+--------+--------+-----+--------+

Top non-repeatable levels by time:
     D:6: 2046 daAuts
     D:9: 1737 daAuts
     D:4: 1684 daAuts
     D:3: 1323 daAuts
     D:8: 1255 daAuts
     D:5: 1056 daAuts
    D:11: 1033 daAuts
    D:10: 956 daAuts
     D:1: 906 daAuts
     D:2: 819 daAuts
     D:7: 765 daAuts
    D:12: 191 daAuts
  Temple: 97 daAuts
